 Dungeon Crawl Stone Soup version 0.29.1-1-gd02db6906a (webtiles) character file.

Game seed: 8750123227789806418

1878 themarg the Vexing (level 9, -8/62 HPs)
             Began as a Gnoll Wanderer on Sept 19, 2022.
             Was a Believer of Hepliaklqana.
             Mangled by a two-headed ogre
             ... wielding a +0 giant club
              (24 damage)
             ... on level 6 of the Dungeon.
             The game lasted 00:37:25 (11562 turns).

themarg the Vexing (Gnoll Wanderer)                Turns: 11562, Time: 00:37:25

Health: -8/62      AC:  6    Str: 26    XL:     9   Next: 14%
Magic:  12/16      EV: 12    Int: 11    God:    Hepliaklqana [**....]
Gold:   442        SH:  0    Dex:  8    Spells: 15/18 levels left

rFire   . . .      SeeInvis .   x - +1 battleaxe (vorpal)
rCold   . . .      Faith    .   (shield currently unavailable)
rNeg    . . .      Spirit   .   q - +0 leather armour
rPois   .          Reflect  .   (no helmet)
rElec   .          Harm     .   l - +0 cloak
rCorr   .          Rampage  .   (no gloves)
Will    +....                   d - +0 pair of boots
Stlth   ++........              (no amulet)
HPRegen 0.20/turn               m - +6 ring of strength
MPRegen 0.15/turn               w - ring of willpower

@: no status effects
A: reduced essence, fangs 1, strong nose, distributed training
a: Renounce Religion, Recall Ancestor, Ancestor Identity


You were on level 6 of the Dungeon.
You worshipped Hepliaklqana.
Hepliaklqana was pleased with you.
You visited 1 branch of the dungeon, and saw 6 of its levels.
You also visited: Sewer.

You collected 442 gold pieces.

Inventory:

Hand Weapons
 o - a +3 flail
 x - a +1 vorpal battleaxe (weapon)
Armour
 b - a +0 ring mail
 d - a +0 pair of boots (worn)
 l - a +0 cloak (worn)
 q - a +0 leather armour (worn)
Jewellery
 h - an amulet of faith
 i - a ring of protection from fire
 m - a +6 ring of strength (left hand)
 r - a +6 ring of strength
 w - a ring of willpower (right hand)
Wands
 a - a wand of paralysis (9)
Scrolls
 c - 2 scrolls of vulnerability
 g - 2 scrolls of poison
 j - a scroll of immolation
 s - a scroll of teleportation
 t - a scroll of enchant armour
 v - a scroll of fear
 y - a scroll of butterflies {unknown}
 E - a scroll of amnesia {unknown}
Potions
 e - 2 potions of cancellation
 f - a potion of berserk rage
 k - a potion of attraction
 n - a potion of invisibility {unknown}
 p - 2 potions of mutation {unknown}
 u - 3 potions of haste {unknown}
 z - a potion of heal wounds
 A - 2 potions of magic
 B - a potion of resistance {unknown}
 C - 2 potions of brilliance {unknown}
 D - a potion of degeneration {unknown}


   Skills:
 + Level 6.2 Fighting
 + Level 4.1 Short Blades
 + Level 4.1 Long Blades
 + Level 4.1 Axes
 + Level 4.1 Maces & Flails
 + Level 4.1 Polearms
 + Level 4.1 Staves
 + Level 4.1 Ranged Weapons
 + Level 4.1 Throwing
 + Level 6.2 Armour
 + Level 4.1 Dodging
 + Level 4.1 Stealth
 + Level 4.1 Shields
 + Level 6.2 Unarmed Combat
 + Level 5.0 Spellcasting
 + Level 3.3 Conjurations
 + Level 6.5 Hexes
 + Level 3.3 Summonings
 + Level 3.3 Necromancy
 + Level 3.3 Translocations
 + Level 3.3 Transmutations
 + Level 3.3 Fire Magic
 + Level 3.3 Ice Magic
 + Level 3.3 Air Magic
 + Level 3.3 Earth Magic
 + Level 3.3 Poison Magic
 + Level 4.5 Invocations
 + Level 4.1 Evocations


You had 15 spell levels left.
You knew the following spells:

 Your Spells              Type           Power      Damage    Failure   Level
a - Slow                  Hex            68%        N/A       1%          1
b - Ensorcelled Hibernat  Hex/Ice        26%        N/A       4%          2

Your spell library contained the following spells:

 Spells                   Type           Power      Damage    Failure   Level
 Passwall                 Tmut/Erth      8%         N/A       9%          2
 Dazzling Flash           Conj/Hex       26%        N/A       10%         3
 Frozen Ramparts          Ice            20%        1d4       19%         3
 Gell's Gravitas          Tloc           10%        N/A       19%         3
 Swiftness                Air            10%        N/A       19%         3
 Teleport Other           Tloc           10%        N/A       19%         3
 Animate Armour           Summ/Erth      20%        N/A       52%         4
 Ice Form                 Ice/Tmut       10%        N/A       52%         4
 Iskenderun's Mystic Bla  Conj/Tloc      10%        2d4       52%         4
 Summon Ice Beast         Ice/Summ       10%        N/A       52%         4
 Blade Hands              Tmut           5%         N/A       86%         5
 Dispersal                Tloc           5%         N/A       100%        6
 Iron Shot                Conj/Erth      5%         9d2       100%        6
 Starburst                Conj/Fire      5%         6d4       100%        6


Dungeon Overview and Level Annotations

Branches:
Dungeon (6/15)              Sewer (visited)
 Temple: D:4-7

Altars:
Ashenzari
Gozag
Hepliaklqana

Shops:
D:3 =


Innate Abilities, Weirdness & Mutations

Your life essence is reduced to manifest your ancestor. (-10% HP)
You have very sharp teeth.
Your uncanny sense of smell can sniff out nearby items.
Your experience applies equally to all skills.


Message History

Casting: Slow (safe; 1% risk of failure)
Confirm with . or Enter, or press ? or * to list all spells.
Aiming: Slow (safe; 1% risk of failure)
Press: ? - help, Shift-Dir - straight line, f - two-headed ogre
Aim: a two-headed ogre, wielding two +0 giant clubs (moderately wounded, ally target, chance to affect: 38%) Sponge avoids your attack.
The two-headed ogre resists with some effort.
Sponge hits the two-headed ogre with a +0 quarterstaff!
Casting: Slow (safe; 1% risk of failure)
Confirm with . or Enter, or press ? or * to list all spells.
Aiming: Slow (safe; 1% risk of failure)
Press: ? - help, Shift-Dir - straight line, f/p - two-headed ogre
Aim: a two-headed ogre, wielding two +0 giant clubs (heavily wounded, ally target, chance to affect: 38%) Sponge avoids your attack.
The two-headed ogre resists with some effort.
The two-headed ogre hits Sponge with a +0 giant club!!
The two-headed ogre hits Sponge with a +0 giant club!
Sponge is destroyed!
Casting: Slow (safe; 1% risk of failure)
Confirm with . or Enter, or press ? or * to list all spells.
Aiming: Slow (safe; 1% risk of failure)
Press: ? - help, Shift-Dir - straight line, f/p - two-headed ogre
Aim: a two-headed ogre, wielding two +0 giant clubs (heavily wounded, chance to affect: 38%)
The two-headed ogre resists with some effort.
Casting: Slow (safe; 1% risk of failure)
Confirm with . or Enter, or press ? or * to list all spells.
Aiming: Ensorcelled Hibernation (safe; 4% risk of failure)
Press: ? - help, Shift-Dir - straight line, f/p - two-headed ogre
Aim: a two-headed ogre, wielding two +0 giant clubs (heavily wounded, chance to affect: 29%)
The two-headed ogre easily resists.
The two-headed ogre barely misses you.
The two-headed ogre hits you with a +0 giant club!
You slash the two-headed ogre!
The two-headed ogre is severely wounded.
The two-headed ogre completely misses you.
The two-headed ogre hits you with a +0 giant club!!
* * * LOW HITPOINT WARNING * * *
You hit the two-headed ogre.
The two-headed ogre is severely wounded.
The two-headed ogre hits you with a +0 giant club!!
You die...

#####.########.##
####............#.#
.....#.#........#.# ∆
.#.#............#.#
.#.<.#.#..#######.#
.#........# #.#
.#..#.#..## #†#
.#....#.## #####O###
....)...# #...@...#
##..)##.# #.#####.# #
###)###.#####.# .# #.
∆ ..............# .#
.### ####
###.########### .##
... ...
...............## #.#
#.# #.#
###.)...#######.###.#
#.###.### #
#.##...###.##..#.#
#........ #
#.##.###........##
#.....~..


You could see a two-headed ogre.

Vanquished Creatures
  A black bear (D:6)
  2 ice beasts (D:6)
  2 ogres
  A centaur (D:6)
  A bullfrog (D:6)
  2 scorpions
  A jelly (D:5)
  4 hounds
  3 orc priests
  3 iguanas
  Natasha (twice) (D:3)
  4 orc wizards
  6 gnolls (D:5)
  9 adders
  8 river rats
  A shadow imp (D:6)
  3 white imps
  A worm (D:2)
  2 dart slugs
  16 orcs
  8 ball pythons
  12 bats
  13 endoplasms
  5 giant cockroaches
  10 goblins
  9 hobgoblins
  4 quokkas
  5 frilled lizards
  21 kobolds
  23 rats
182 creatures vanquished.

Vanquished Creatures (collateral kills)
  A black bear (D:6)
  A necrophage (D:6)
  A hound (D:6)
  2 orc wizards
  4 adders
  A river rat (Sewer)
  A worm (D:6)
  3 orcs
  2 endoplasms (Sewer)
  A ball python (Sewer)
  A frilled lizard (Sewer)
  4 rats (Sewer)
22 creatures vanquished.

Vanquished Creatures (others)
  A battlemage (D:6)
  An ancestor (D:6)
2 creatures vanquished.

Grand Total: 206 creatures vanquished

Notes
Turn   | Place    | Note
-------+----------+-------------------------------------------
     0 | D:1      | themarg the Gnoll Wanderer began the quest for the Orb.
     0 | D:1      | themarg set off with the following items: a +0 club, a +0
                  | ring mail, a scroll of vulnerability, a potion of
                  | lignification; and the following spell memorised: Slow; and
                  | the following spells available to memorise: Ensorcelled
                  | Hibernation, Dazzling Flash.
     0 | D:1      | Reached XP level 1. HP: 20/20 MP: 4/4
   250 | D:1      | Reached XP level 2. HP: 26/26 MP: 3/5
   989 | D:1      | Reached XP level 3. HP: 26/31 MP: 7/7
  1227 | D:1      | Reached skill level 1 in Invocations
  1682 | D:2      | Reached skill level 1 in Short Blades
  1682 | D:2      | Reached skill level 1 in Long Blades
  1682 | D:2      | Reached skill level 1 in Axes
  1682 | D:2      | Reached skill level 1 in Maces & Flails
  1682 | D:2      | Reached skill level 1 in Polearms
  1682 | D:2      | Reached skill level 1 in Staves
  1682 | D:2      | Reached skill level 1 in Ranged Weapons
  1682 | D:2      | Reached skill level 1 in Throwing
  1682 | D:2      | Reached skill level 1 in Dodging
  1682 | D:2      | Reached skill level 1 in Stealth
  1682 | D:2      | Reached skill level 1 in Shields
  1682 | D:2      | Reached skill level 1 in Evocations
  2156 | D:2      | Reached XP level 4. HP: 38/38 MP: 6/8
  2645 | D:2      | Reached skill level 1 in Conjurations
  2645 | D:2      | Reached skill level 1 in Summonings
  2645 | D:2      | Reached skill level 1 in Necromancy
  2645 | D:2      | Reached skill level 1 in Translocations
  2645 | D:2      | Reached skill level 1 in Transmutations
  2645 | D:2      | Reached skill level 1 in Fire Magic
  2645 | D:2      | Reached skill level 1 in Ice Magic
  2645 | D:2      | Reached skill level 1 in Air Magic
  2645 | D:2      | Reached skill level 1 in Earth Magic
  2645 | D:2      | Reached skill level 1 in Poison Magic
  3170 | D:3      | Found a faded altar of an unknown god.
  3469 | D:3      | Found Qenkiaso's Jewellery Shoppe.
  3626 | D:3      | Found a broken altar of Ashenzari.
  3729 | D:3      | Found a hazy altar of Hepliaklqana.
  3785 | D:3      | Noticed Natasha
  3807 | D:3      | Killed Natasha
  3808 | D:3      | Reached XP level 5. HP: 11/43 MP: 7/9
  4385 | D:3      | Noticed Natasha
  4579 | D:3      | Killed Natasha
  5202 | D:3      | Became a worshipper of Hepliaklqana the Forgotten
  5822 | D:4      | Reached XP level 6. HP: 34/50 MP: 8/11
  6380 | D:4      | Reached skill level 5 in Fighting
  6380 | D:4      | Reached skill level 5 in Armour
  6380 | D:4      | Reached skill level 5 in Unarmed Combat
  7177 | D:5      | Entered Level 5 of the Dungeon
  7282 | D:5      | Reached XP level 7. HP: 44/56 MP: 12/12
  7420 | D:5      | Learned a level 2 spell: Ensorcelled Hibernation
  8043 | D:5      | Found an opulent altar of Gozag.
  8052 | D:5      | Reached * piety under Hepliaklqana
  8427 | D:5      | Reached XP level 8. HP: 17/56 MP: 12/14
  9412 | D:6      | Found a glowing drain.
  9422 | Sewer    | Entered a sewer
 11124 | D:6      | Reached XP level 9. HP: 46/62 MP: 16/16
 11339 | D:6      | Reached ** piety under Hepliaklqana
 11388 | D:6      | Reached skill level 5 in Spellcasting
 11389 | D:6      | Remembered your ancestor Sponge as a battlemage
 11550 | D:6      | Noticed a two-headed ogre
 11562 | D:6      | Mangled by a two-headed ogre

Illustrated notes

Levels and vault maps discovered:
D:1:      dpeg_arrival_castle, layout_loops_ring
D:2:      layout_basic
D:3:      kennysheep_big_flooded_room, layout_loops_cross,
          nicolae_hepliaklqana_hippocampus, mainiacjoe_overflow_six_doors_small,
          chequers_ecumenical_altar_twisty, serial_shops, nicolae_square_shop,
          uniq_natasha
D:4:      layout_basic, kennysheep_orc_chapel
D:5:      layout_basic, grunt_gozag_statues, lemuel_flamethrower_1
D:6:      layout_loops_ring, serial_co_window_serial, co_window_paths_a,
          co_window_corner_a, co_window_cross_1, co_window_paths_a,
          co_window_paths_a, co_window_unsneaky_path_b, co_window_broadway_c,
          co_window_broadway_a, co_window_4corner_a, co_window_sun,
          glass_columns_a, glass_columns_b, glass_columns_a, glass_columns_a,
          glass_columns_a, lightli_sewer_entry_pipes, minmay_joined_circles

Skill      XL: |  1  2  3  4  5  6  7  8  9 |
---------------+----------------------------+-----
Invocations    | 1 2 3 4 |  4.5
Short Blades   | 1 2 3 4 |  4.1
Long Blades    | 1 2 3 4 |  4.1
Axes           | 1 2 3 4 |  4.1
Maces & Flails | 1 2 3 4 |  4.1
Polearms       | 1 2 3 4 |  4.1
Staves         | 1 2 3 4 |  4.1
Ranged Weapons | 1 2 3 4 |  4.1
Throwing       | 1 2 3 4 |  4.1
Dodging        | 1 2 3 4 |  4.1
Stealth        | 1 2 3 4 |  4.1
Shields        | 1 2 3 4 |  4.1
Evocations     | 1 2 3 4 |  4.1
Spellcasting   | 3 4 5 |  5.0
Conjurations   | 1 2 3 |  3.3
Summonings     | 1 2 3 |  3.3
Necromancy     | 1 2 3 |  3.3
Translocations | 1 2 3 |  3.3
Transmutations | 1 2 3 |  3.3
Fire Magic     | 1 2 3 |  3.3
Ice Magic      | 1 2 3 |  3.3
Air Magic      | 1 2 3 |  3.3
Earth Magic    | 1 2 3 |  3.3
Poison Magic   | 1 2 3 |  3.3
Fighting       | 5 6 |  6.2
Armour         | 5 6 |  6.2
Unarmed Combat | 5 6 |  6.2
Hexes          | 6 |  6.5

Action                   |  1- 3 |  4- 6 |  7- 9 || total
-------------------------+-------+-------+-------++-------
Melee: Club              |    76 |       |       ||    76
       Bite              |    36 |    36 |    11 ||    83
       Dagger            |   211 |   352 |       ||   563
       Punch             |     7 |    12 |       ||    19
       Unarmed           |       |     9 |       ||     9
       Battleaxe         |       |    28 |   160 ||   188
       Flail             |       |       |    52 ||    52
 Cast: Slow              |    42 |    43 |    30 ||   115
       Ensorcelled Hiber |       |       |     8 ||     8
Invok: Ancestor Identity |       |       |     1 ||     1
       Ancestor Life: Ba |       |       |     1 ||     1
  Use: Potion            |       |     2 |     3 ||     5
       Scroll            |       |     9 |     1 ||    10
 Stab: Sleeping          |       |       |     3 ||     3
Armor: Ring mail         |   124 |     6 |       ||   130
       Leather armour    |       |   104 |    86 ||   190
       Skin              |       |       |    19 ||    19
Dodge: Dodged            |   131 |   175 |   145 ||   451
